 Dungeon Crawl Stone Soup version 0.32-a0-870-g877066f (webtiles) character file.

Game seed: 13945848201274307549

42676544 tlatlagkaus the Spellbinder (level 26, 219/219 HPs)
             Began as a Felid Enchanter on Mar 28, 2024.
             Was a High Priest of Ru.
             Escaped with the Orb
             ... and 15 runes
             ... and 10 gems on Mar 29, 2024!
             The game lasted 08:15:22 (34952 turns).

tlatlagkaus the Spellbinder (Felid Enchanter)      Turns: 34952, Time: 08:15:23

Health: 219/219    AC: 35    Str: 12    XL:     26
Magic:  43/43      EV: 38    Int: 22    God:    Ru [*****.]
Gold:   2258       SH:  0    Dex: 18    Spells: 7/55 levels left
                                        Lives:  2   Deaths: 3

rFire   + +          .
                       - Unarmed
rCold   . . .        (shield unavailable)
rNeg    + + .        (body armour unavailable)
rPois   ∞            (helmet unavailable)
rElec   +            (cloak unavailable)
rCorr   +            (gloves unavailable)
SInv    +            (boots unavailable)
Will    ++++.        S - amulet of Vitality {Regen++ RegenMP++}
Stlth   ++           R - ring "Pez Kuwe" {rElec rF+ rN+ Will++ rCorr}
HPRegen 2.16/turn    H - ring of protection from fire
MPRegen 1.08/turn

%: no passive effects
@: statue-form, studying 2 skills, very slow
A: slow and powerful, torment resistance 1, boosted hp, very small, claws 1,
fangs 3, see invisible, (shaggy fur 3), inability to drink after injury 2, hated
by all, weak-willed 1, inexperienced 1, stealthy paws, no weapons or thrown
items, no armour, multi-lived, mutation resistance 1, wild magic 1, inability to
read after injury 1, MP-powered wands
0: Orb of Zot
}: 15/15 runes: decaying, serpentine, slimy, silver, golden, iron, obsidian,
icy, bone, abyssal, demonic, glowing, magical, fiery, dark
a: Begin Untransformation, Renounce Religion, Draw Out Power, Power Leap,
Apocalypse


You escaped.
You worshipped Ru.
Ru was extremely pleased with you.
You were a living statue of rough stone.
You visited 17 branches of the dungeon, and saw 86 of its levels.
You visited Pandemonium 1 time, and saw 10 of its levels.
You visited the Abyss 2 times.
You visited 1 bazaar.
You also visited: Ossuary, Gauntlet and Desolation.

You collected 6443 gold pieces.
You spent 4185 gold pieces at shops.

Inventory:

Jewellery
 g - the ring "Neibbic" {^Drain rF+ rCorr EV+5 Dex+5}
   (You found it in Pandemonium)

   [ring of evasion]

   EV+5:      It affects your evasion (+5).
   Dex+5:     It affects your dexterity (+5).
   rF+:       It protects you from fire.
   rCorr:     It protects you from acid and corrosion.
   ^Drain:    It drains your maximum health when unequipped.
 t - the ring "Iqean" {rPois rF+ EV+5 Str-3}
   (You found it on level 1 of the Elven Halls)

   [ring of evasion]

   EV+5:      It affects your evasion (+5).
   Str-3:     It affects your strength (-3).
   rF+:       It protects you from fire.
   rPois:     It protects you from poison.
 v - a ring of protection from cold
 z - the ring "Okhler" {rC+ Dex+6}
   (You acquired it on level 3 of the Depths)

   [ring of dexterity]

   Dex+6:     It affects your dexterity (+6).
   rC+:       It protects you from cold.
 H - a ring of protection from fire (right paw)
 I - the ring of Bapipemo {Will++ rCorr EV+5 Int-3 Stlth+}
   (You found it in a Gauntlet)

   [ring of evasion]

   EV+5:      It affects your evasion (+5).
   Int-3:     It affects your intelligence (-3).
   Will++:    It greatly increases your willpower.
   rCorr:     It protects you from acid and corrosion.
   Stlth+:    It makes you more stealthy.
 M - a ring of flight
 P - the ring of Abstinence {^Drain rPois rC+ Int+2 Stlth+}
   (You took it off a deep elf pyromancer on level 3 of the Elven Halls)

   [ring of protection from cold]

   Int+2:     It affects your intelligence (+2).
   rC+:       It protects you from cold.
   rPois:     It protects you from poison.
   ^Drain:    It drains your maximum health when unequipped.
   Stlth+:    It makes you more stealthy.
 Q - the ring "Lolex" {Wiz Stlth+}
   (You took it off a deep elf pyromancer on level 3 of the Elven Halls)

   [ring of wizardry]

   Wiz:       It improves your spell success rate.
   Stlth+:    It makes you more stealthy.
 R - the ring "Pez Kuwe" (left paw) {rElec rF+ rN+ Will++ rCorr}
   (You bought it in a shop in a bazaar)

   [ring of positive energy]

   rF+:       It protects you from fire.
   rElec:     It insulates you from electricity.
   rN+:       It protects you from negative energy.
   Will++:    It greatly increases your willpower.
   rCorr:     It protects you from acid and corrosion.
 S - the amulet of Vitality (around neck) {Regen++ RegenMP++}
   (You took it off a deep elf sorcerer on level 5 of the Vaults)

   [amulet of nothing]

   Regen++:   It increases your rate of health regeneration.
   RegenMP++: It increases your rate of magic regeneration.
Talismans
 c - a granite talisman (active)
 D - a talisman of death
Wands
 b - a wand of iceblast (78)
 u - a wand of acid (27)
 w - a wand of polymorph (14)
 J - a wand of digging (2)
 L - a wand of paralysis (88)
Scrolls
 d - 3 scrolls of teleportation
 h - 2 scrolls of fog
 i - 5 scrolls of blinking
 j - 10 scrolls of immolation
 k - 2 scrolls of silence
 r - 10 scrolls of fear
 G - 5 scrolls of amnesia
Potions
 a - 6 potions of invisibility
 e - 3 potions of ambrosia
 f - 3 potions of cancellation
 l - 10 potions of curing
 m - 3 potions of magic
 n - 4 potions of heal wounds
 o - 3 potions of haste
 s - 7 potions of resistance
 x - 11 potions of lignification
 B - 7 potions of enlightenment
 C - 8 potions of brilliance
 E - a potion of mutation
 F - 4 potions of might
 O - a potion of berserk rage
Miscellaneous
 p - a figurine of a ziggurat
 q - a condenser vane
 A - a phantom mirror
 K - a box of beasts
 N - a Gell's gravitambourine (2/2)


   Skills:
 O Level 27 Fighting
 O Level 27 Dodging
 - Level 15.0 Stealth
 O Level 27 Unarmed Combat
 - Level 15.0 Spellcasting
 O Level 27 Hexes
 - Level 9.0 Translocations
 - Level 8.0 Ice Magic
 - Level 17.0 Air Magic
 - Level 1.5 Earth Magic
 - Level 10.0 Evocations
 + Level 23.1 Shapeshifting


You had 7 spell levels left.
You knew the following spells:

 Your Spells              Type           Power      Damage    Failure   Level
a - Ensorcelled Hibernat  Hex/Ice        100%       N/A       1%          2
b - Maxwell's Capacitive  Air            43%        ∞         30%         8
c - Lesser Beckoning      Tloc           100%       N/A       1%          2
d - Discord               Hex            54%        N/A       1%          8
e - Frozen Ramparts       Ice            100%       1d16      1%          3
f - Yara's Violent Unrav  Hex/Alch       39%        3d16      1%          5
g - Vhi's Electric Charg  Tloc/Air       100%       N/A       1%          4
h - Apportation           Tloc           100%       N/A       1%          1
i - Passwall              Erth           30%        N/A       10%         3
j - Ozocubu's Armour      Ice            61%        N/A       1%          3
k - Enfeeble              Hex            54%        N/A       1%          7
l - Blink                 Tloc           100%       N/A       1%          2

Your spell library contained the following spells:

 Spells                   Type           Power      Damage    Failure   Level
 Freeze                   Ice            100%       1d10      1%          1
 Shock                    Conj/Air       100%       1d9       1%          1
 Slow                     Hex            100%       N/A       1%          1
 Cigotuvi's Dreadful Rot  Necr/Alch/Air  100%       N/A       1%          2
 Mercury Vapours          Alch/Air       100%       N/A       1%          2
 Momentum Strike          Conj/Tloc      94%        3d10      1%          2
 Static Discharge         Conj/Air       100%       3-8/arc   1%          2
 Confusing Touch          Hex            100%       N/A       1%          3
 Dazzling Flash           Conj/Hex       100%       N/A       1%          3
 Inner Flame              Hex/Fire       78%        N/A       1%          3
 Swiftness                Air            87%        N/A       1%          3
 Teleport Other           Tloc           64%        N/A       1%          3
 Anguish                  Hex/Necr       39%        N/A       1%          4
 Cause Fear               Hex            54%        N/A       1%          4
 Maxwell's Portable Pile  Tloc           64%        2d(15-29) 1%          4
 Metabolic Englaciation   Hex/Ice        44%        N/A       1%          5
 Silence                  Hex/Air        49%        N/A       1%          5
 Mephitic Cloud           Conj/Alch/Air  52%        N/A       2%          3
 Sandblast                Erth           60%        2d14      3%          1
 Hailstorm                Conj/Ice       44%        3d9       3%          3
 Volatile Blastmotes      Fire/Tloc      94%        2d17      3%          3
 Arcjolt                  Conj/Air       31%        1d41      5%          5
 Freezing Cloud           Conj/Ice/Air   31%        6-21      5%          5
 Foxfire                  Conj/Fire      84%        2x1d8     6%          1
 Kiss of Death            Conj/Necr      84%        2d11      6%          1
 Magic Dart               Conj           84%        1d7       6%          1
 Necrotise                Necr           84%        1d8       6%          1
 Sting                    Conj/Alch      84%        1d8       6%          1
 Scorch                   Fire           42%        2d6       9%          2
 Searing Ray              Conj           42%        2d6       9%          2
 Stone Arrow              Conj/Erth      50%        3d10      12%         3
 Vampiric Draining        Necr           21%        2d7       16%         3
 Dispersal                Tloc           32%        N/A       21%         6
 Gell's Gavotte           Tloc           32%        2d(25-38) 21%         6
 Conjure Ball Lightning   Conj/Air       31%        3x3d10    24%         6
 Plasma Beam              Fire/Air       31%        2x1d44    24%         6
 Leda's Liquefaction      Alch/Erth      12%        N/A       34%         4
 Petrify                  Alch/Erth      25%        N/A       34%         4
 Dispel Undead            Necr           21%        3d11      43%         4
 Flame Wave               Conj/Fire      21%        2d8       43%         4
 Fulminant Prism          Conj/Alch      10%        3d9       43%         4
 Ignite Poison            Fire/Alch      21%        N/A       43%         4
 Olgreb's Toxic Radiance  Alch           21%        N/A       43%         4
 Sticky Flame             Fire/Alch      21%        2d6       43%         4
 Borgnjor's Vile Clutch   Necr/Erth      12%        N/A       67%         5
 Manifold Assault         Tloc           32%        N/A       67%         7
 Alistair's Intoxication  Alch           14%        N/A       77%         5
 Fireball                 Conj/Fire      10%        3d6       77%         5
 Irradiate                Conj/Alch      10%        3d15      77%         5
 Iskenderun's Battlesphe  Conj           21%        2d7       77%         5
 Ozocubu's Refrigeration  Ice            30%        4d14      82%         7
 Bombard                  Conj/Erth      12%        9d3       99%         6
 Eringya's Noxious Bog    Alch           10%        4d6       100%        6
 Starburst                Conj/Fire      10%        6d5       100%        6
 Borgnjor's Revivificati  Necr           10%        N/A       100%        8
 Disjunction              Tloc           32%        N/A       100%        8
 Ignition                 Fire           10%        3d5       100%        8
 Lehudib's Crystal Spear  Conj/Erth      12%        10d4      100%        8
 Death's Door             Necr           10%        N/A       100%        9
 Tukima's Dance           Hex            Unusable   N/A       N/A         3
 Dimensional Bullseye     Hex/Tloc       Unusable   N/A       N/A         4
 Summon Small Mammal      Summ           Unusable   N/A       N/A         1
 Call Canine Familiar     Summ           Unusable   N/A       N/A         3
 Summon Forest            Summ/Tloc      Unusable   N/A       N/A         5
 Animate Armour           Summ/Erth      Unusable   N/A       N/A         4
 Martyr's Knell           Necr/Summ      Unusable   N/A       N/A         4
 Summon Cactus Giant      Summ           Unusable   N/A       N/A         6
 Haunt                    Necr/Summ      Unusable   N/A       N/A         7
 Spellforged Servitor     Conj/Summ      Unusable   N/A       N/A         7
 Dragon's Call            Summ           Unusable   N/A       N/A         9

Dungeon Overview and Level Annotations

Branches:
Dungeon (15/15)            Temple (0/1) D:6            Lair (5/5) D:11
  Swamp (4/4) Lair:3        Snake (4/4) Lair:3        Slime (5/5) Lair:5
    Orc (2/2) D:12            Elf (3/3) Orc:2        Vaults (5/5) D:14
  Crypt (3/3) Vaults:2       Tomb (3/3) Crypt:3      Depths (4/4) D:15
   Hell (visited)             Dis (7/7) Hell            Geh (7/7) Hell
    Coc (7/7) Hell            Tar (7/7) Hell            Zot (5/5) Depths:4
Ossuary (visited)         Desolation (visited)      Gauntlet (visited)

Altars:
Cheibriados
Elyvilon
Kikubaaqudgha
Nemelex Xobeh
Ru
Uskayaw
Vehumet
Xom

Shops:
D:5 :   D:10 ?   Orc:2 =*!(   Elf:2 =   Elf:3 [   Snake:3 :   Snake:4 (
Vaults:3 [=   Vaults:5 ?

Portals:
Hell: Depths:2 Depths:3 Depths:4
Abyss: Depths:3
Pandemonium: Depths:2
Ziggurat: Depths:2

Annotations:
D:5 2 transporters, Renatii's ghost, novice DrSh
D:8 1 runed translucent door, NobodyHome's ghost, novice CoWr
D:9 Erolcha
D:11 3 runed translucent doors, Ugysch Huutha's ghost, journeyman DrWr


Innate Abilities, Weirdness & Mutations

You are a living statue of rough stone.
Your actions are slow, but your melee attacks are powerful.
You are resistant to unholy torment.
Your maximum health is greatly increased.
You are immune to poison.
You have sharp claws.
You have razor-sharp teeth.
You have supernaturally acute eyesight. (SInv)
((Your thick and shaggy fur keeps you warm. (AC +3, rC+)))
You sometimes lose the ability to drink potions when taking damage.
You are hated by all.
You are slightly weak-willed. (Will-)
You are somewhat inexperienced. (-1 XL)
Your paws help you pounce on unaware monsters.
You are incapable of wielding weapons or throwing items.
You cannot wear armour.
You gain extra lives every three experience levels.
You are somewhat resistant to further mutation.
Your spells are a little harder to cast, but a little more powerful.
You occasionally lose the ability to read scrolls when taking damage.
You expend magic power (3 MP) to strengthen your wands.


Message History

The orange demon completely misses you.
You climb upwards.
There is a stone staircase leading down here.
Casting: Enfeeble (mildly dangerous; 1% risk of failure)
Confirm with . or Enter, or press ? or * to list all spells.
Aiming: Passwall (mildly dangerous; 10% risk of failure)
Press: ? - help, Dir - move target A rock wall.
This square is covered in magical glow.
You begin to meditate on the wall.
You continue meditating on the rock.
Magic restored.
You continue meditating on the rock. x3
You finish merging with the rock.
There is a stone staircase leading up here.
You climb upwards.
There is a stone staircase leading down here.
There is an open door here.
There is an open door here.
A reaper comes into view. It is wielding a +4 heavy scythe.
The reaper attacks as it pursues you! The reaper hits you but does no damage.
The reaper misses you. The reaper attacks as it pursues you!
The reaper hits you but does no damage.
There is a stone staircase leading up here.
The reaper hits you from afar with a +4 heavy scythe!
The reaper drags you backwards!
You can't go up here!
The reaper completely misses you.
There is a stone staircase leading up here.
The reaper hits you but does no damage.
You climb upwards.
There is a stone staircase leading down here.
Okay, then.
You enter the shallow water.
Moving in this stuff is going to be slow.
There is a staircase leading out of the dungeon here.
Casting: Passwall (mildly dangerous; 10% risk of failure)
Confirm with . or Enter, or press ? or * to list all spells.
Okay, then.
Okay, then.
You have escaped!

#....#......#..................
#......#######.#######.....÷...
#........####...####......#....
#....#.....#..~..#.....#.......
#....#ß..~....~....~..ß#.......
#....##...~..~~~..~...##.##..#.
#....#.....~~~~~~~.....#.....#.
#####....~~~~...~~~~...........
#..~~~~~..I..~~~~~.......#.
#....~~~~...~~~~...........
##.....~~~~~~~.....#.###..#
#...~..~~~..~...##.# #...
..~....~....~..ß#.# #.##
....#..~..#.....#.# #.##
..####...####.....# #.## ##
##.#######...# #.#.
#...........# #.#.


There were no monsters in sight!

Vanquished Creatures
  Cerebov (Pan)
  Antaeus (Coc:7)
  Asmodeus (Geh:7)
  Gloorx Vloq (Pan)
  Mnoleg (Pan)
  the Royal Jelly (Slime:5)
  Ereshkigal (Tar:7)
  Dissolution (Slime:3)
  the Serpent of Hell (Dis:7)
  A seraph (Zot:4)
  Lom Lobon (Pan)
  Khufu (Crypt:1)
  Dispater (Dis:7)
  4 dread liches
  Mennas (Crypt:3)
  5 ancient liches
  4 orbs of fire (Zot:5)
  4 juggernauts
  4 royal mummies
  3 pandemonium lords
  Sojobo (Vaults:5)
  23 shard shrikes
  3 Killer Klowns
  Boris (4 times) (Elf:3 Vaults:2 Vaults:5 Depths:1)
  Vashnia (Snake:2)
  Saint Roka (Snake:4)
  Geryon (Hell)
  8 caustic shrikes
  the Enchantress (Depths:2)
  7 golden dragons
  7 profane servitors
  11 bone dragons
  10 Tzitzimimeh
  10 Brimstone Fiends
  3 iron giants (Dis:6)
  5 doom hounds
  An electric golem (Zot:5)
  8 hellephants
  10 tentacled monstrosities
  Mlioglotl (Swamp:1)
  A walking earthen tome (Depths:4)
  27 Ice Fiends
  12 Hell Sentinels
  A walking crystal tome (Depths:3)
  8 titans
  14 Orb Guardians
  5 liches
  2 deep elf blademasters (Elf:3)
  A walking frostbound tome (Depths:2)
  2 deep elf master archers (Elf:3)
  3 sphinxes (Tomb:1)
  8 tainted leviathans
  13 searing wretches
  A quicksilver dragon (Zot:2)
  14 ancient champions
  15 acid blobs
  2 death cobs (Zot:5)
  12 Executioners (Pan)
  6 shadow dragons
  7 storm dragons
  9 azure jellies
  The ghost of Babal the Executioner, an adept MDFi of Beogh (Snake:1)
  Roxanne (Snake:2)
  7 tengu reavers
  Kirke (Lair:3)
  Aizul (Snake:4)
  5 narguns
  Donald (Elf:2)
  12 rockslimes
  A revenant (Crypt:3)
  6 nagarajas
  12 fire giants
  6 protean progenitors
  A draconian monk (Zot:3)
  4 demonspawn warmongers (Pan)
  8 quicksilver elementals
  3 spectral juggernauts
  8 deep elf sorcerers
  5 iron dragons
  3 ghost moths
  22 balrugs
  2 deep elf elementalists (Elf:3)
  2 caustic shrike zombies
  12 frost giants
  7 shard shrike simulacra
  2 draconian scorchers
  4 draconian knights
  A spectral caustic shrike (Tar:4)
  7 vault wardens
  A draconian shifter (Zot:5)
  2 demonspawn corrupters (Pan)
  4 curse skulls
  An angel (Zot:4)
  7 cacodemons
  4 spriggan defenders
  8 reapers
  Louise (Snake:2)
  2 juggernaut skeletons
  15 ironbound preservers
  A demonspawn blood saint (Pan)
  11 quicksilver oozes
  A draconian annihilator (Pan)
  10 stone giants
  4 caustic shrike skeletons
  4 formless jellyfish (Slime:5)
  6 very ugly things
  9 putrid mouths
  3 green draconians
  4 ironbound thunderhulks
  2 demonspawn black suns (Pan)
  7 vampire knights
  7 deep elf death magi
  5 deep elf demonologists
  26 elemental wellsprings
  8 bennus
  6 deep elf annihilators
  2 eleionomae (Swamp:2)
  A black draconian (Zot:3)
  14 war gargoyles
  Azrael (D:15)
  2 spectral titans
  2 purple draconians
  9 dire elephants
  2 white draconians
  4 bunyips
  3 halazid warlocks (Desolation)
  2 red draconians
  18 iron golems
  9 wendigos
  A minotaur (Gauntlet)
  5 ettins
  7 green deaths
  5 blizzard demons
  3 eidola
  Josephine (Orc:2)
  4 deep elf high priests
  5 jiangshi (Crypt:3)
  6 fire dragons
  2 entropy weavers (Vaults:3)
  3 spectral iron giants
  4 great orbs of eyes
  2 shambling mangroves (Abyss:3)
  6 mummy priests
  9 yaktaur captains
  9 ice dragons
  16 peacekeepers (Desolation)
  4 ragged hierophants (Desolation)
  9 rakshasas
  6 servants of whispers
  4 catoblepae
  2 spriggan zombies
  12 salamander tyrants
  5 hell beasts
  3 vault guards
  7 juggernaut simulacra
  10 caustic shrike simulacra
  11 hydras
  A jorogumo (Pan)
  6 centaur warriors
  3 boulder beetles
  11 alligators
  2 spriggan air magi
  8 two-headed ogres
  5 stokers
  A merfolk aquamancer (Pan)
  12 dancing weapons
  3 ironbound frosthearts
  7 anacondas
  A sphinx skeleton (Depths:2)
  5 death knights
  2 ogre magi
  A deep troll shaman (Depths:4)
  2 vampire magi
  6 death scarabs
  3 deep troll earth magi
  3 spriggan berserkers (Depths:3)
  A spectral naga (Tar:2)
  3 death yaks (Lair:5)
  7 hell hogs
  13 naga sharpshooters
  3 titan zombies
  3 tengu warriors
  3 spectral emperor scorpions (Pan)
  3 orc high priests (Orc:2)
  Sonja (Lair:2)
  3 occultists (D:11)
  4 shock serpents
  Urug (Lair:2)
  2 spectral dire elephants
  13 deep elf knights
  8 soul eaters
  A storm dragon zombie (Depths:2)
  46 sun demons
  14 naga warriors
  2 wretched stars
  20 spriggans
  9 crystal echidnas
  6 sixfirhies
  2 hell knights (Hell)
  2 skysharks
  A hellephant skeleton (Pan)
  4 salamander mystics
  2 spectral bunyips (Tar:1)
  20 skeletal warriors
  A spark wasp zombie (Hell)
  An iron troll (Depths:4)
  3 spectral anacondas
  A storm dragon skeleton (Vaults:4)
  A cherub (Zot:4)
  5 goliath frogs
  4 shadow demons (Pan)
  8 arcanists
  16 shadow wraiths
  7 mana vipers
  5 quicksilver dragon simulacra
  6 sun moths (Pan)
  39 deep trolls
  A bunyip zombie (Crypt:3)
  A deep troll (shapeshifter) (Vaults:5)
  5 spriggan druids
  9 lindwurms
  8 flayed ghosts
  9 bog bodies
  6 naga ritualists
  A spectral hydra (Tar:4)
  An obsidian statue (Snake:3)
  2 spriggan simulacra
  8 glowing orange brains
  20 deep elf archers
  2 thermic dynamos
  14 phantasmal warriors
  22 deep elf zephyrmancers
  A bunyip skeleton (Tomb:1)
  8 swamp dragons
  4 harpies (Vaults:2)
  An oklob plant (Lair:2)
  19 large abominations
  A harpy (shapeshifter) (D:15)
  3 obsidian bats
  2 frost giant zombies
  22 deep elf pyromancers
  7 orc knights
  A shining eye (shapeshifter) (D:14)
  18 cyclopes
  A fire giant zombie (Hell)
  12 ironbound convokers
  3 necromancers
  3 stone giant zombies
  5 orc sorcerers
  An alligator skeleton (Hell)
  A spectral ettin (Tar:4)
  2 manticores (Lair:5)
  4 will-o-the-wisps
  30 ugly things
  An eleionoma zombie (Crypt:1)
  20 salamanders
  6 shining eyes
  7 moths of wrath
  A meliai (shapeshifter) (Elf:1)
  5 ice statues
  A frost giant skeleton (Depths:2)
  11 molten gargoyles
  6 elephants (Lair:5)
  A spectral alligator snapping turtle (Crypt:3)
  Joseph (D:10)
  A naga zombie (Tomb:1)
  A toenail golem (Zot:5)
  8 guardian serpents
  3 worldbinders (Abyss:3)
  14 naga magi
  3 Executioner simulacra (Pan)
  3 elf zombies
  2 water nymphs (Abyss:3)
  7 kobold blastminers (Orc:2)
  8 vault sentinels
  9 smoke demons
  34 black mambas
  6 orange demons
  A pale draconian zombie (Crypt:1)
  17 hellions
  8 cane toads
  A bunyip simulacrum (Coc:1)
  3 sea snake zombies (Hell)
  A yaktaur (shapeshifter) (Elf:1)
  4 tormentors
  A kobold demonologist (D:11)
  4 efreet (Pan)
  10 yaktaurs
  4 rime drakes
  3 tengu conjurers
  13 freezing wraiths
  6 komodo dragons
  9 ice devils
  A golden dragon simulacrum (Coc:5)
  10 guardian mummies
  2 red devils
  A silent spectre (Tar:2)
  3 iron giant simulacra
  6 anaconda simulacra
  3 merfolk (Pan)
  3 hydra zombies (Hell)
  4 trolls
  2 bloated husks
  A hornet (shapeshifter) (D:13)
  A troll (shapeshifter) (Vaults:4)
  7 hellwings
  7 tyrant leeches
  71 saltlings
  A tengu simulacrum (Vaults:4)
  3 glass eyes
  18 hornets
  A polar bear (Lair:3)
  23 blink frogs
  A hydra skeleton (Hell)
  5 dream sheep
  An ettin zombie (Vaults:2)
  61 slime creatures
  An ettin skeleton (Vaults:2)
  3 air elementals
  A culicivora (Vaults:3)
  4 shadows
  2 naga simulacra
  16 ynoxinuls
  2 wyverns
  2 ushabtiu (Tomb:1)
  5 water elementals
  5 dire elephant simulacra
  2 fire bats (Depths:2)
  7 wraiths
  11 wargs
  5 hogs (Lair:3)
  4 basilisks
  5 fire elementals
  A golden eye (shapeshifter) (D:14)
  A hog (shapeshifter) (D:14)
  42 yaks
  6 humans
  A steam dragon (D:9)
  Grum (D:10)
  Eustachio (D:4)
  A redback (shapeshifter) (Vaults:4)
  2 redbacks (Vaults:3)
  4 neqoxecs
  A glowing shapeshifter zombie (Hell)
  8 harpy simulacra
  2 alligator snapping turtle simulacra (Coc:2)
  5 chaos spawn (Pan)
  40 nagas
  6 vampire mosquitoes
  6 hell hounds
  22 swamp worms
  An acid dragon (D:11)
  17 water moccasins
  5 swamp drakes
  A dream sheep zombie (Crypt:1)
  2 ice beasts
  An ice beast (shapeshifter) (D:14)
  24 orc warriors
  3 black bears
  10 ogres
  20 laughing skulls
  5 ettin simulacra
  5 sky beasts
  6 small abominations
  17 wolves
  2 centaurs (D:10)
  A snapping turtle skeleton (Crypt:1)
  3 phantoms
  4 kobold brigands (D:11)
  2 weeping skulls
  A warg zombie (Crypt:1)
  A wyvern zombie (D:6)
  16 bullfrogs
  A cyclops zombie (Orc:1)
  3 earth elementals
  11 scorpions
  A water moccasin zombie (D:6)
  17 wights
  A burial acolyte (Crypt:3)
  20 killer bees
  A swamp dragon simulacrum (Coc:2)
  3 electric eels
  6 centaur zombies
  A bullfrog zombie (D:6)
  A hound (D:4)
  21 orc priests
  A bombardier beetle (D:5)
  A gnoll bouda (Lair:2)
  4 jellies
  7 human zombies
  2 sleepcaps
  5 scorpion zombies (Ossuary)
  9 hell rats
  6 iguanas
  21 orc wizards
  3 killer bee zombies (D:6)
  18 mummies
  7 gnolls
  6 adders
  2 river rats (D:11)
  5 white imps
  2 ufetubi (D:5)
  An adder zombie (Ossuary)
  A ribbon worm (D:3)
  2 dart slugs
  81 orcs
  11 endoplasms
  2 giant cockroaches
  3 gnoll zombies (Ossuary)
  7 goblins
  6 hobgoblins
  6 jackals
  12 kobolds
  2 quokkas
  9 ball pythons
  A ball python zombie (Ossuary)
  4 bats
  7 frilled lizards
  A jackal zombie (Ossuary)
  3 orc zombies (Ossuary)
  A quokka skeleton (Crypt:1)
  5 rats
  2 creeping infernos
  A fire vortex (Geh:5)
2691 creatures vanquished.

Vanquished Creatures (collateral kills)
  A pandemonium lord (Pan)
  11 royal mummies
  4 shard shrikes
  9 caustic shrikes
  Margery (Vaults:4)
  2 Tzitzimimeh
  3 iron giants
  2 doom hounds
  A Brimstone Fiend (Tar:3)
  A tentacled monstrosity (Zot:2)
  4 hellephants
  5 Hell Sentinels
  3 Ice Fiends
  3 walking frostbound tomes (Pan)
  4 Orb Guardians (Zot:5)
  2 liches
  3 tainted leviathans
  A searing wretch (Geh:1)
  A titan (Pan)
  A sphinx (Vaults:5)
  7 ancient champions
  A kraken (Abyss:3)
  A tengu reaver (Depths:4)
  A demonspawn warmonger (Pan)
  A revenant (Tomb:2)
  An azure jelly (Coc:4)
  2 narguns (Coc:4)
  A nagaraja (Pan)
  3 draconian shifters
  4 vault wardens
  3 deep elf sorcerers
  8 balrugs
  9 fire giants
  A draconian knight (Zot:5)
  2 draconian scorchers
  2 quicksilver elementals
  A cacodemon (Pan)
  3 ghouls
  A very ugly thing (Depths:3)
  2 ironbound preservers (Vaults:5)
  3 draconian annihilators
  2 spriggan defenders (Depths:2)
  2 reapers
  4 elemental wellsprings
  A juggernaut skeleton (Tomb:2)
  A stone giant (Depths:2)
  A bennu (Tomb:1)
  3 putrid mouths
  3 green draconians
  2 deep elf demonologists (Abyss:3)
  A red draconian (Depths:4)
  A vampire knight (Depths:4)
  3 wendigos
  A demonspawn black sun (Pan)
  A deep elf death mage (Vaults:4)
  3 black draconians (Zot:5)
  3 purple draconians (Zot:5)
  4 war gargoyles
  17 mummy priests
  11 blizzard demons
  4 yaktaur captains
  6 green deaths (Pan)
  A spectral quicksilver dragon (Tar:3)
  5 fire dragons
  2 deep elf high priests (Vaults:5)
  4 salamander tyrants
  3 jiangshi (Crypt:3)
  3 rakshasas
  A hell beast (Hell)
  28 vault guards
  An ironbound frostheart (Vaults:4)
  2 spriggan air magi (Depths:2)
  A peacekeeper (Vaults:3)
  A spriggan skeleton (Depths:2)
  A caustic shrike simulacrum (Coc:5)
  3 centaur warriors (Vaults:3)
  7 boulder beetles (Dis:6)
  2 ice dragons
  A spectral stone giant (Tar:3)
  3 stokers (Geh:7)
  3 deep troll shamans
  30 death scarabs
  A deep troll earth mage (Depths:2)
  19 hell hogs
  8 hell knights
  12 sun demons
  5 soul eaters
  3 crystal echidnas
  2 iron trolls
  2 spriggans (Depths:2)
  2 pharaoh ants (Coc:4)
  12 skeletal warriors
  3 shadow wraiths (Tar:7)
  3 bog bodies (Crypt:3)
  A glowing orange brain (Pan)
  2 shadow demons (Pan)
  9 deep trolls
  A spriggan simulacrum (Coc:6)
  4 arcanists
  A flayed ghost (Crypt:3)
  4 lindwurms
  4 phantasmal warriors
  A tengu zombie (Hell)
  An anaconda skeleton (Hell)
  2 necromancers
  A fire giant zombie (Hell)
  5 ugly things
  3 ironbound convokers
  A stone giant zombie (Tomb:3)
  A worldbinder (Abyss:3)
  3 salamanders (Depths:2)
  2 moths of wrath
  6 smoke demons
  A stone giant skeleton (Tomb:2)
  3 ice statues
  A vault sentinel (Vaults:3)
  A naga mage (Vaults:3)
  4 molten gargoyles
  An orange demon (Pan)
  4 hellions
  A spriggan zombie (Hell)
  2 efreet (Pan)
  2 yaktaurs (Vaults:4)
  3 tormentors
  An iron giant simulacrum (Coc:4)
  22 guardian mummies
  An ice devil (Pan)
  A spectral naga (Tar:3)
  A hellwing (Pan)
  A red devil (Pan)
  2 hornets (Depths:2)
  2 small abominations (Crypt:3)
  3 ynoxinuls (Pan)
  A fire bat (Depths:2)
  3 ushabtiu (Tomb:2)
  A black mamba skeleton (Tomb:2)
  A chaos spawn (Pan)
  5 neqoxecs
  3 harpy simulacra
  A hell hound (D:10)
  An orc warrior (D:9)
  An ettin simulacrum (Coc:7)
  14 laughing skulls
  A weeping skull (Crypt:3)
  2 naga simulacra
  3 burial acolytes (Crypt:3)
  An orc priest (D:9)
  10 mummies
  2 orcs (D:9)
  4 fire vortices (Geh:5)
530 creatures vanquished.

Vanquished Creatures (others)
  A juggernaut (Dis:7)
  A shard shrike (Coc:5)
  8 caustic shrikes
  A bone dragon (Tar:5)
  2 iron giants (Dis:4)
  2 doom hounds
  A titan (Pan)
  An Orb Guardian (Zot:5)
  A tainted leviathan (Tar:7)
  3 ancient champions
  An eldritch tentacle (Pan)
  A fire giant (Depths:3)
  An iron dragon (Dis:7)
  A nargun (Coc:3)
  A draconian scorcher (Zot:1)
  A shard shrike simulacrum (Coc:7)
  2 vault wardens (Vaults:5)
  A demonspawn corrupter (Pan)
  2 ghouls (Crypt:2)
  An ironbound preserver (Vaults:4)
  A demonspawn blood saint (Pan)
  A formless jellyfish (Vaults:3)
  A stone giant (Depths:2)
  A deep elf death mage (Crypt:3)
  A dire elephant (Vaults:2)
  A putrid mouth (Tar:5)
  4 war gargoyles
  A deep elf annihilator (Elf:3)
  A bennu (Tomb:2)
  2 blizzard demons (Pan)
  A mummy priest (Tomb:1)
  2 green deaths
  A jiangshi (Crypt:3)
  A yaktaur captain (Vaults:5)
  A vault guard (Vaults:5)
  3 caustic shrike simulacra (Coc:7)
  2 ice dragons
  A satyr (Abyss:3)
  4 death scarabs (Tomb:3)
  A boulder beetle (Dis:6)
  A hell hog (Geh:1)
  A vampire mage (Crypt:2)
  3 deep elf knights
  An occultist (D:11)
  A naga sharpshooter (Snake:2)
  A spriggan berserker (Depths:2)
  4 hell knights (Hell)
  2 sun demons (Pan)
  2 shadow wraiths (Crypt:3)
  A sixfirhy (Pan)
  A skeletal warrior (Crypt:3)
  A pharaoh ant (Coc:4)
  An iron troll (Depths:1)
  An arcanist (Vaults:4)
  A kraken simulacrum (Hell)
  A swamp dragon (Swamp:4)
  A bog body (Crypt:3)
  A phantasmal warrior (Vaults:5)
  3 deep elf zephyrmancers
  3 dancing weapons
  3 necromancers
  A deep elf pyromancer (Elf:2)
  A moth of wrath (Zot:2)
  A salamander (Snake:4)
  An Executioner simulacrum (Pan)
  A large abomination (Pan)
  A vault sentinel (Vaults:4)
  A naga mage (Snake:4)
  2 orange demons (Pan)
  3 ice statues (Pan)
  An eye of devastation (Pan)
  4 hellions
  3 tormentors
  4 guardian mummies
  A hellwing (Pan)
  A bloated husk (Swamp:2)
  A hornet (Swamp:3)
  2 saltlings (Desolation)
  A stone giant simulacrum (Coc:7)
  A slime creature (Slime:2)
  A dire elephant simulacrum (Coc:7)
  A fire bat (Depths:2)
  A shadow (Crypt:3)
  2 yaks
  A spriggan (Depths:2)
  2 ynoxinuls (Pan)
  2 chaos spawn (Pan)
  2 neqoxecs (Pan)
  2 harpy simulacra
  2 nagas
  A swamp worm (Swamp:1)
  A hell hound (D:10)
  2 swamp drakes (Swamp:4)
  A hydra simulacrum (Coc:7)
  A meliai simulacrum (D:14)
  4 laughing skulls
  An ettin simulacrum (Coc:7)
  A wolf (Lair:2)
  A bullfrog (Lair:1)
  An orc priest (Orc:1)
  A mummy (Tomb:2)
  4 orcs
  9 ball lightnings (Pan)
  2 fire vortices
  10 foxfires (Swamp:1)
  5 starspawn tentacles (Abyss:3)
  5 tentacles
195 creatures vanquished.

Grand Total: 3416 creatures vanquished

Notes
Turn   | Place    | Note
-------+----------+-------------------------------------------
     0 | D:1      | tlatlagkaus the Felid Enchanter began the quest for the
                  | Orb.
     0 | D:1      | Reached XP level 1. HP: 9/9 MP: 4/4
   194 | D:1      | Reached XP level 2. HP: 3/13 MP: 6/6
   230 | D:1      | Learned a level 2 spell: Ensorcelled Hibernation
   319 | D:1      | Found a faded altar of an unknown god.
   581 | D:2      | Reached XP level 3. HP: 16/16 MP: 7/7
   754 | D:2      | Reached skill level 5 in Stealth
   969 | D:3      | Reached skill level 1 in Ice Magic
  1074 | D:3      | Reached XP level 4. HP: 19/21 MP: 6/8
  1074 | D:3      | Gained a life (2 lives remaining)
  1118 | D:3      | Reached skill level 1 in Fighting
  1156 | D:3      | Reached skill level 5 in Hexes
  1248 | D:3      | Found a hide-covered altar of Uskayaw.
  1362 | D:3      | Reached XP level 5. HP: 15/25 MP: 3/9
  1376 | D:3      | Learned a level 3 spell: Confusing Touch
  1626 | D:4      | Noticed a black bear
  1630 | D:4      | Killed a black bear
  1631 | D:4      | Gained mutation: You are covered in thick fur. (AC +2)
                  | [Felid growth]
  1631 | D:4      | Reached XP level 6. HP: 22/30 MP: 5/10
  1803 | D:4      | Learned a level 3 spell: Tukima's Dance
  1819 | D:4      | Noticed Eustachio
  1859 | D:4      | Found a sacrificial altar of Ru.
  1872 | D:4      | Became a worshipper of Ru the Awakened
  2046 | D:5      | Entered Level 5 of the Dungeon
  2073 | D:4      | Killed Eustachio
  2104 | D:5      | Reached XP level 7. HP: 33/33 MP: 8/11
  2285 | D:4      | Reached skill level 5 in Unarmed Combat
  2332 | D:4      | Reached skill level 5 in Dodging
  2402 | D:5      | Found a transporter.
  2402 | D:5      | Noticed Renatii's ghost (novice DrSh)
  2483 | D:5      | Found a transporter.
  2552 | D:5      | Found Nidin's Self-Improvement Boutique.
  2680 | D:5      | Found a white marble altar of Elyvilon.
  2701 | D:5      | Found a sparkling altar of Nemelex Xobeh.
  2705 | D:5      | Reached XP level 8. HP: 37/37 MP: 12/12
  2810 | D:6      | Gained mutation: You are somewhat inexperienced. (-1 XL)
                  | [Ru sacrifice]
  2810 | D:6      | Reached XP level 7. HP: 33/33 MP: 11/11
  2810 | D:6      | Reached * piety under Ru
  2879 | D:6      | Found a snail-covered altar of Cheibriados.
  3221 | D:6      | Learned a level 1 spell: Slow
  3297 | D:6      | Found a staircase to the Ecumenical Temple.
  3396 | D:6      | Reached XP level 8. HP: 37/37 MP: 6/12
  3431 | D:7      | Noticed a troll
  3431 | D:7      | Found a hazy altar of Hepliaklqana.
  3796 | D:7      | Found a sand-covered staircase.
  3802 | Ossuary  | Entered an ossuary
  3963 | Ossuary  | Reached skill level 10 in Stealth
  4391 | D:7      | Killed a troll
  4392 | D:7      | Reached skill level 1 in Evocations
  4392 | D:7      | Reached XP level 9. HP: 33/42 MP: 4/13
  4524 | D:8      | Reached skill level 10 in Unarmed Combat
  4954 | D:8      | Found a runed translucent door.
  4956 | D:8      | Noticed NobodyHome's ghost (novice CoWr)
  4960 | D:8      | Identified the +6 trident of Trauma {elec, rPois Will+
                  | SInv}
  4986 | D:9      | Identified a scroll of acquirement
  4986 | D:9      | Acquired a granite talisman
  5124 | D:9      | Reached skill level 1 in Shapeshifting
  5132 | D:9      | Reached skill level 10 in Dodging
  5410 | D:9      | Noticed Erolcha
  5631 | D:9      | Reached XP level 10. HP: 49/49 MP: 7/14
  5740 | D:10     | Entered Level 10 of the Dungeon
  5816 | D:10     | Noticed Joseph
  5837 | D:10     | Killed Joseph
  5895 | D:10     | Noticed Grum
  5917 | D:10     | Noticed a tengu warrior
  5955 | D:11     | Noticed a boulder beetle
  6128 | D:10     | Gained mutation: You are slightly weak-willed. (Will-) [Ru
                  | sacrifice]
  6128 | D:10     | Reached ** piety under Ru
  6128 | D:10     | Reached *** piety under Ru
  6137 | D:10     | Found Xoff's Magic Scroll Boutique.
  6145 | D:10     | Bought a scroll of teleportation for 51 gold pieces
  6145 | D:10     | Bought a scroll of immolation for 68 gold pieces
  6145 | D:10     | Bought a scroll of teleportation for 51 gold pieces
  6145 | D:10     | Bought a scroll of identify for 34 gold pieces
  6145 | D:10     | Bought a scroll of identify for 34 gold pieces
  6164 | D:10     | Noticed a two-headed ogre
  6204 | D:10     | Killed a two-headed ogre
  6318 | D:10     | Killed a tengu warrior
  6337 | D:10     | Killed Grum
  6476 | D:11     | Noticed an occultist
  6484 | D:11     | Killed an occultist
  6485 | D:11     | Reached skill level 5 in Shapeshifting
  6518 | D:11     | Noticed an arcanist
  6524 | D:11     | Killed an arcanist
  6543 | D:11     | Noticed an arcanist
  6549 | D:11     | Killed an arcanist
  6552 | D:11     | Noticed an occultist
  6554 | D:11     | Noticed an occultist
  6555 | D:11     | Killed an occultist
  6561 | Abyss:3  | Found a corrupted altar of Lugonu.
  6561 | Abyss:3  | Cast into level 3 of the Abyss (an occultist)
  6563 | Abyss:3  | Noticed a naga warrior
  6573 | Abyss:3  | Noticed a thrashing horror
  6573 | Abyss:3  | Noticed a bone dragon
  6587 | Abyss:3  | Slain by a naga warrior
  6587 | Abyss:3  | Lost a life (1 life remaining)
  6598 | Abyss:3  | Found a corrupted altar of Lugonu.
  6608 | Abyss:3  | Noticed a dread lich
  6629 | Abyss:3  | Noticed a tentacled starspawn
  6648 | Abyss:3  | Noticed a wretched star
  6662 | D:11     | Escaped the Abyss
  6671 | D:11     | Killed an occultist
  6672 | D:11     | Reached XP level 11. HP: 33/52 MP: 15/15
  6672 | D:11     | Gained a life (2 lives remaining)
  6809 | D:11     | Found the +3 warlock's mirror {omnireflect}
  6851 | D:11     | Noticed Ugysch Huutha's ghost (journeyman DrWr)
  6856 | D:11     | Found a runed translucent gate.
  6856 | D:11     | Found a runed translucent gate.
  6856 | D:11     | Found a runed translucent gate.
  6872 | D:11     | Found a staircase to the Lair.
  7011 | D:11     | Noticed a three-headed hydra
  7060 | D:11     | Noticed a two-headed ogre
  7067 | D:11     | Killed a two-headed ogre
  7075 | D:11     | Killed a boulder beetle
  7177 | Lair:1   | Entered Level 1 of the Lair of Beasts
  7677 | Lair:1   | Noticed a catoblepas
  7742 | Lair:1   | Killed a catoblepas
  7886 | Lair:2   | Reached skill level 10 in Shapeshifting
  7913 | Lair:2   | Noticed Sonja
  7921 | Lair:2   | Killed Sonja
  8004 | Lair:2   | You fall into a shaft and drop 2 floors!
  8098 | Lair:5   | Entered Level 5 of the Lair of Beasts
  8107 | Lair:5   | Noticed a catoblepas
  8112 | Lair:5   | Found a gate leading to a gauntlet.
  8120 | Gauntlet | Entered a Gauntlet
  8120 | Gauntlet | Found a transporter.
  8120 | Gauntlet | Found a large runed translucent door.
  8120 | Gauntlet | Found a large runed translucent door.
  8120 | Gauntlet | Found a large runed translucent door.
  8120 | Gauntlet | Found a large runed translucent door.
  8120 | Gauntlet | Found a runed translucent door.
  8120 | Gauntlet | Found a runed translucent door.
  8120 | Gauntlet | Found a large runed translucent door.
  8120 | Gauntlet | Found a large runed translucent door.
  8120 | Gauntlet | Found a large runed translucent door.
  8120 | Gauntlet | Found a large runed translucent door.
  8120 | Gauntlet | Found a large runed translucent door.
  8120 | Gauntlet | Found a large runed translucent door.
  8121 | Gauntlet | Found a large runed translucent door.
  8121 | Gauntlet | Found a large runed translucent door.
  8122 | Gauntlet | Found a large runed translucent door.
  8122 | Gauntlet | Found a large runed translucent door.
  8122 | Gauntlet | Found a large runed translucent door.
  8122 | Gauntlet | Found a large runed translucent door.
  8129 | Gauntlet | Found a runed translucent gate.
  8129 | Gauntlet | Found a runed translucent gate.
  8129 | Gauntlet | Found a runed translucent gate.
  8131 | Gauntlet | Found a transporter.
  8168 | Gauntlet | Found a transporter.
  8168 | Gauntlet | Found a transporter.
  8171 | Gauntlet | Found a transporter.
  8177 | Gauntlet | Found a transporter.
  8183 | Gauntlet | Found a transporter.
  8198 | Gauntlet | Gained mutation: Your thick and shaggy fur keeps you warm.
                  | (AC +3, rC+) [Felid growth]
  8198 | Gauntlet | Reached XP level 12. HP: 25/46 MP: 16/16
  8206 | Gauntlet | Found a transporter.
  8232 | Gauntlet | Found a transporter.
  8266 | Gauntlet | Found a transporter.
  8302 | Gauntlet | Noticed a minotaur
  8311 | Gauntlet | Slain by a minotaur
  8311 | Gauntlet | Lost a life (1 life remaining)
  8350 | Gauntlet | Found a transporter.
  8378 | Gauntlet | Found a transporter.
  8430 | Gauntlet | Identified the ring of Bapipemo {Will++ rCorr EV+5 Int-3
                  | Stlth+}
  8482 | Gauntlet | Killed a minotaur
  8492 | Gauntlet | Identified the +2 pair of gloves "Fagigi" {Harm rN+}
  8492 | Gauntlet | Identified the +7 falchion "Hydrabane" {venom, ^Drain rElec
                  | rCorr Stlth+}
  8740 | Lair:5   | Gained mutation: You are hated by all. [Ru sacrifice]
  8740 | Lair:5   | Reached **** piety under Ru
  8740 | Lair:5   | Reached ***** piety under Ru
  8781 | Lair:5   | Noticed a dire elephant
  8787 | Lair:5   | Killed a dire elephant
  8852 | Lair:5   | Got an earthy gem with 2340 turns to spare
  9116 | Lair:5   | Learned a level 2 spell: Lesser Beckoning
  9120 | Lair:5   | Learned a level 3 spell: Frozen Ramparts
  9143 | Lair:5   | Found a staircase to the Slime Pits.
  9374 | Lair:3   | Reached XP level 13. HP: 60/60 MP: 17/17
  9374 | Lair:3   | Gained a life (2 lives remaining)
  9607 | Lair:3   | Noticed Kirke
  9617 | Lair:3   | Killed Kirke
  9978 | Lair:3   | Found a staircase to the Snake Pit.
 10230 | Lair:2   | Noticed Urug
 10237 | Lair:2   | Killed Urug
 10251 | Lair:2   | Reached skill level 15 in Shapeshifting
 10606 | D:15     | Entered Level 15 of the Dungeon
 10888 | D:15     | Noticed Azrael
 10897 | D:15     | Killed Azrael
 10922 | D:15     | Noticed a stone giant
 10951 | D:15     | Found a staircase to the Depths.
 10965 | D:15     | Killed a stone giant
 10969 | D:15     | Got a smoky gem with 1528 turns to spare
 11046 | D:15     | Reached skill level 1 in Translocations
 11261 | D:14     | Gained mutation: You occasionally lose the ability to drink
                  | potions when taking damage. [Ru sacrifice]
 11261 | D:14     | Gained mutation: You sometimes lose the ability to drink
                  | potions when taking damage. [Ru sacrifice]
 11340 | D:14     | Reached XP level 14. HP: 65/65 MP: 18/18
 11420 | D:14     | Found a gate to the Vaults.
 11689 | D:12     | Found a staircase to the Orcish Mines.
 11699 | Orc:1    | Entered Level 1 of the Orcish Mines
 12027 | Orc:1    | Noticed a frost giant
 12049 | Orc:1    | Reached skill level 5 in Fighting
 12050 | Orc:1    | Killed a frost giant
 12255 | Orc:1    | Found the +8 demon trident "Rift" {distort, reach+}
 12341 | Orc:2    | Entered Level 2 of the Orcish Mines
 12341 | Orc:2    | Noticed Josephine
 12349 | Orc:2    | Killed Josephine
 12463 | Orc:2    | Reached skill level 15 in Unarmed Combat
 12495 | Orc:2    | Found Rashruofo's Jewellery Shoppe.
 12495 | Orc:2    | Found Fimmunodd's Weapon Boutique.
 12500 | Orc:2    | Found Vein's Assorted Antiques.
 12500 | Orc:2    | Found Dixt's Distillery.
 12509 | Orc:2    | Bought a potion of mutation for 80 gold pieces
 12509 | Orc:2    | Bought a potion of haste for 100 gold pieces
 12509 | Orc:2    | Bought a potion of cancellation for 80 gold pieces
 12510 | Orc:2    | Bought a runed tourmaline ring for 175 gold pieces
 12550 | Orc:2    | Found a staircase to the Elven Halls.
 12656 | Orc:1    | Found a radiant altar of Vehumet.
 12882 | Elf:1    | Entered Level 1 of the Elven Halls
 12934 | Elf:3    | Entered Level 3 of the Elven Halls
 13004 | Elf:3    | Found Ibagaowo's Antique Armour Shop.
 13027 | Elf:3    | Noticed a deep elf blademaster
 13032 | Elf:3    | Noticed a deep elf blademaster
 13033 | Elf:3    | Noticed a deep elf sorcerer
 13035 | Elf:3    | Noticed a deep elf sorcerer
 13036 | Elf:3    | Killed a deep elf blademaster
 13041 | Elf:3    | Reached XP level 15. HP: 42/77 MP: 19/19
 13042 | Elf:3    | Killed a ghostly deep elf blademaster
 13042 | Elf:3    | Killed a deep elf blademaster
 13044 | Elf:3    | Reached skill level 15 in Dodging
 13053 | Elf:3    | Noticed a deep elf master archer
 13068 | Elf:3    | Killed a deep elf master archer
 13091 | Elf:3    | Noticed a deep elf master archer
 13091 | Elf:3    | Identified the +2 robe of Gual Wys {rPois Dex+5 Slay-3}
 13091 | Elf:3    | Noticed Boris
 13100 | Elf:3    | Killed Boris
 13105 | Elf:3    | Noticed an Ice Fiend
 13106 | Elf:3    | Killed a deep elf master archer
 13111 | Elf:3    | Reached skill level 5 in Ice Magic
 13130 | Elf:3    | Identified the +0 robe "Lecvefuo" {rElec rPois Str+5 Dex-4}
 13130 | Elf:3    | Identified the amulet of Asifati {Faith Rampage rCorr Str+2
                  | Dex+6}
 13134 | Elf:3    | Identified the ring "Lolex" {Wiz Stlth+}
 13135 | Elf:3    | Identified the +6 short sword of Cauv {flame, Int+3}
 13135 | Elf:3    | Identified the ring of Abstinence {^Drain rPois rC+ Int+2
                  | Stlth+}
 13190 | Elf:3    | Got Pysar's Cyclopedia of Hail and the Brume
 13195 | Elf:3    | Identified the +4 arbalest of the Throat {freeze, Int+5}
 13248 | Elf:3    | Got the Compendium of Rime and Chemistry
 13298 | Elf:3    | Got a shimmering gem with 1255 turns to spare
 13300 | Elf:3    | Got the Atlas of Fascination
 13624 | Elf:3    | Identified the blade talisman of the Wereyak {rElec rF- rN+
                  | Int+5}
 13700 | Elf:3    | Learned a level 5 spell: Yara's Violent Unravelling
 13763 | Elf:2    | Noticed Donald
 13779 | Elf:1    | Learned a level 4 spell: Vhi's Electric Charge
 13782 | Elf:2    | Killed Donald
 13818 | Elf:1    | Reached XP level 16. HP: 65/74 MP: 22/22
 13858 | Elf:1    | Identified the ring "Iqean" {rPois rF+ EV+5 Str-3}
 13886 | Elf:1    | Reached skill level 1 in Air Magic
 13938 | Elf:2    | Reached skill level 5 in Translocations
 14062 | Elf:2    | Found Fevaghum's Jewellery Boutique.
 15036 | D:5      | Bought a manual of Hexes for 1200 gold pieces
 15036 | D:5      | Bought a manual of Dodging for 1200 gold pieces
 15216 | Snake:1  | Entered Level 1 of the Snake Pit
 15278 | Snake:1  | Reached skill level 5 in Spellcasting
 15299 | Snake:1  | You fall into a shaft and drop 1 floor!
 15368 | Snake:3  | Found Vuitrod's Vocational Training.
 15396 | Snake:3  | Found a flickering gateway to a bazaar.
 15424 | Bazaar   | Entered a bazaar
 15424 | Bazaar   | Found Moschour's General Store.
 15424 | Bazaar   | Found Ximiv's Jewellery Shoppe.
 15424 | Bazaar   | Found Ynuff's Distillery.
 15424 | Bazaar   | Found Wiupiwem's Antique Armour Shoppe.
 15426 | Bazaar   | Found Xeicodolof's General Store.
 15426 | Bazaar   | Found Viaz's General Store.
 15450 | Bazaar   | Bought the ring "Pez Kuwe" {rElec rF+ rN+ Will++ rCorr} for
                  | 545 gold pieces
 15455 | Bazaar   | Bought a scroll of fog for 48 gold pieces
 15458 | Bazaar   | Bought a potion of might for 76 gold pieces
 15458 | Bazaar   | Bought a potion of heal wounds for 95 gold pieces
 15466 | Bazaar   | Bought a potion of heal wounds for 60 gold pieces
 15562 | Snake:4  | Entered Level 4 of the Snake Pit
 15566 | Snake:4  | Learned a level 1 spell: Apportation
 15567 | Snake:4  | Found Muus's Firing Range.
 15577 | Snake:4  | Noticed Saint Roka
 15585 | Snake:4  | Killed Saint Roka
 15965 | Snake:4  | Got a serpentine rune of Zot
 15965 | Snake:4  | Got a jade gem with 1451 turns to spare
 16066 | Snake:4  | Learned a level 3 spell: Passwall
 16071 | Snake:4  | Identified the serpent talisman of Instinct {rF+ Dex+4}
 16071 | Snake:4  | Noticed Aizul
 16072 | Snake:4  | Killed Aizul
 16173 | Snake:3  | Reached XP level 17. HP: 77/77 MP: 9/25
 16283 | Snake:2  | Reached skill level 1 in Earth Magic
 16321 | Snake:2  | Noticed Roxanne
 16341 | Snake:2  | Killed Roxanne
 16425 | Snake:2  | Noticed Louise
 16434 | Snake:2  | Killed Louise
 16511 | Snake:2  | Noticed Vashnia
 16528 | Snake:2  | Killed Vashnia
 17222 | Snake:1  | Found a runed translucent door.
 17223 | Snake:1  | Noticed Babal's ghost (adept MDFi)
 17243 | Snake:1  | Killed Babal's ghost
 17345 | Lair:3   | Found a staircase to the Swamp.
 17359 | Swamp:1  | Entered Level 1 of the Swamp
 17360 | Swamp:1  | Upgraded the game from 0.32-a0-868-g153ae1a to
                  | 0.32-a0-869-gf73ac73
 17396 | Swamp:2  | Identified the ring "Tonekhun" {rN+ Will++}
 17555 | Swamp:4  | Entered Level 4 of the Swamp
 17789 | Swamp:4  | Got a decaying rune of Zot
 17789 | Swamp:4  | Got a mossy gem with 1212 turns to spare
 17834 | Swamp:4  | Reached XP level 18. HP: 86/86 MP: 23/31
 18642 | Swamp:1  | Found an ancient bone altar of Kikubaaqudgha.
 18749 | Swamp:1  | Noticed Mlioglotl
 18758 | Swamp:1  | Killed Mlioglotl
 18995 | Slime:1  | Entered Level 1 of the Pits of Slime
 19138 | Slime:3  | Noticed Dissolution
 19144 | Slime:3  | Killed Dissolution
 19198 | Slime:5  | Entered Level 5 of the Pits of Slime
 19256 | Slime:5  | Reached skill level 5 in Evocations
 19312 | Slime:5  | Noticed the Royal Jelly
 19328 | Slime:5  | Killed the Royal Jelly
 19337 | Slime:5  | Slain by an azure jelly
 19337 | Slime:5  | Lost a life (1 life remaining)
 19362 | Slime:5  | Identified the ring "Louhyunt" {Fire rElec rN++ Str-2}
 19389 | Slime:5  | Got a starry gem with 210 turns to spare
 19396 | Slime:5  | Reached XP level 19. HP: 97/97 MP: 23/32
 19396 | Slime:5  | Gained a life (2 lives remaining)
 19436 | Slime:5  | Got a slimy rune of Zot
 19442 | Slime:5  | Learned a level 3 spell: Ozocubu's Armour
 19450 | Slime:5  | Got the Tome of Blasted Algor
 19482 | Slime:5  | Got Fialeh's Omnibus of Damage and Anemomancy
 19488 | Slime:5  | Identified the +1 chain mail of Past Mistakes {rPois Int+3
                  | Dex+4}
 19520 | Slime:5  | Learned a level 8 spell: Discord
 19580 | Lair:5   | Gained mutation: Potions are less effective at restoring
                  | your health. [potion of mutation]
 19581 | Lair:5   | Lost mutation: Potions are less effective at restoring your
                  | health. [potion of mutation]
 19581 | Lair:5   | Gained mutation: You are clumsy. (Dex -2) [potion of
                  | mutation]
 19581 | Lair:5   | Gained mutation: Your spells are a little harder to cast,
                  | but a little more powerful. [potion of mutation]
 19582 | Lair:5   | Lost mutation: You are clumsy. (Dex -2) [potion of
                  | mutation]
 19582 | Lair:5   | Lost mutation: Your spells are a little harder to cast, but
                  | a little more powerful. [potion of mutation]
 19582 | Lair:5   | Gained mutation: You are clumsy. (Dex -2) [potion of
                  | mutation]
 19582 | Lair:5   | Gained mutation: You possess an exceptional clarity of
                  | mind. [potion of mutation]
 19582 | Lair:5   | Gained mutation: You are robust. (+10% HP) [potion of
                  | mutation]
 19583 | Lair:5   | Lost mutation: You are robust. (+10% HP) [potion of
                  | mutation]
 19583 | Lair:5   | Lost mutation: You are clumsy. (Dex -2) [potion of
                  | mutation]
 19583 | Lair:5   | Gained mutation: You have a pair of small horns on your
                  | head. [potion of mutation]
 19583 | Lair:5   | Gained mutation: Your spells are a little harder to cast,
                  | but a little more powerful. [potion of mutation]
 19791 | Vaults:1 | Entered Level 1 of the Vaults
 19951 | Vaults:2 | Identified the +3 robe of the Monkey {rPois rCorr Stlth-}
 19951 | Vaults:2 | Noticed Boris
 19974 | Vaults:2 | Killed Boris
 19975 | Vaults:2 | Reached skill level 10 in Fighting
 20014 | Vaults:2 | Reached skill level 10 in Hexes
 20069 | Vaults:2 | Found a staircase to the Crypt.
 20450 | Vaults:3 | Found Muhure Negi's Antique Armour Boutique.
 20607 | Vaults:4 | Found a crumbling gateway.
 20616 | Desolati | Entered the Desolation of Salt
 20693 | Desolati | Got the Compendium of Conjury
 20796 | Desolati | Identified the ring "Izucoewn" {Fly rElec AC+4 Int-4
                  | Stlth+}
 20878 | Desolati | Reached skill level 10 in Spellcasting
 20882 | Desolati | Reached skill level 15 in Hexes
 20883 | Desolati | Identified the +3 leather armour of Zus Cye {rC+ Regen+}
 20897 | Desolati | Identified the +8 orcbow of Destiny {drain, Fly Str+2 Int-2
                  | Stlth+}
 20922 | Desolati | Reached XP level 20. HP: 97/97 MP: 33/35
 21003 | Desolati | Found the +5 Lochaber axe {reach-cleave, Poleaxe ^Drain}
 21086 | Desolati | Got the Compilation of the Deviated Syncline
 21133 | Vaults:5 | Entered Level 5 of the Vaults
 21142 | Vaults:5 | Noticed Sojobo
 21161 | Vaults:5 | Killed Sojobo
 21226 | Vaults:5 | Noticed a golden dragon
 21238 | Vaults:5 | Killed a golden dragon
 21305 | Vaults:5 | Found Ynukh's Magic Scroll Shoppe.
 21312 | Vaults:5 | Bought a scroll of immolation for 96 gold pieces
 21312 | Vaults:5 | Bought a scroll of amnesia for 96 gold pieces
 21312 | Vaults:5 | Bought a scroll of fog for 96 gold pieces
 21388 | Vaults:5 | Identified the +11 morningstar of Ysiefuw {speed, ^Contam
                  | rPois SInv Stlth+}
 21420 | Vaults:5 | Learned a level 7 spell: Enfeeble
 21479 | Vaults:5 | Identified the amulet "Romoug" {rElec Regen+ Dex+2}
 21562 | Vaults:5 | Noticed a golden dragon
 21574 | Vaults:5 | Killed a golden dragon
 21587 | Vaults:5 | Identified the ring of Woca {rElec Slay+4 Stlth+}
 21629 | Vaults:5 | Identified the +4 robe of Oily Freedom {Archmagi}
 21629 | Vaults:5 | Noticed Boris
 21642 | Vaults:5 | Killed Boris
 21750 | Vaults:5 | Reached XP level 21. HP: 98/98 MP: 25/38
 21763 | Vaults:5 | Got a silver rune of Zot
 21763 | Vaults:5 | Got a shining gem with 1837 turns to spare
 21811 | Vaults:5 | Noticed an ancient lich
 21821 | Vaults:5 | Killed an ancient lich
 21941 | Vaults:4 | Noticed Margery
 21951 | Vaults:4 | Killed Margery
 22959 | Vaults:3 | Found Hiot's Jewellery Emporium.
 23118 | Vaults:3 | Found a radiant altar of Vehumet.
 23220 | Crypt:1  | Entered Level 1 of the Crypt
 23220 | Crypt:1  | Noticed Khufu
 23220 | Crypt:1  | Noticed a royal mummy
 23222 | Crypt:1  | Killed Khufu
 23225 | Crypt:1  | Killed a royal mummy
 23308 | Crypt:1  | Learned a level 7 spell: Ozocubu's Refrigeration
 23605 | Crypt:3  | Entered Level 3 of the Crypt
 23689 | Crypt:3  | Found an ancient bone altar of Kikubaaqudgha.
 23756 | Crypt:3  | Reached XP level 22. HP: 112/112 MP: 37/40
 23762 | Crypt:3  | Found the brooch of Shielding {Spirit SH+8}
 23779 | Crypt:3  | Found the +5 scythe "Finisher" {speed, execute}
 23851 | Crypt:3  | Noticed a dread lich
 23855 | Crypt:3  | Found a staircase to the Tomb.
 23873 | Crypt:3  | Killed a dread lich
 23884 | Crypt:3  | Got an ivory gem with 921 turns to spare
 23911 | Crypt:3  | Noticed Mennas
 23927 | Crypt:3  | Killed Mennas
 24034 | Crypt:3  | Found the +7 sceptre of Torment {pain, torment}
 24038 | Crypt:3  | Identified the ring of Wimaomm {Will+ Str+3 Dex+6}
 24072 | Tomb:1   | Entered Level 1 of the Tomb of the Ancients
 24313 | Tomb:1   | Noticed a royal mummy
 24321 | Tomb:1   | Killed a royal mummy
 24433 | Tomb:1   | Noticed a royal mummy
 24438 | Tomb:1   | Killed a royal mummy
 24488 | Tomb:2   | Noticed a royal mummy
 24488 | Tomb:2   | Noticed a royal mummy
 24488 | Tomb:2   | Noticed a royal mummy
 24488 | Tomb:2   | Noticed a royal mummy
 24497 | Tomb:2   | Reached skill level 10 in Evocations
 24498 | Tomb:2   | Reached skill level 27 in Hexes
 24500 | Tomb:2   | Killed a royal mummy
 24504 | Tomb:2   | Killed a royal mummy
 24507 | Tomb:2   | Killed a royal mummy
 24508 | Tomb:2   | Killed a royal mummy
 24599 | Tomb:3   | Entered Level 3 of the Tomb of the Ancients
 24616 | Tomb:3   | Noticed a royal mummy
 24616 | Tomb:3   | Noticed a royal mummy
 24616 | Tomb:3   | Noticed a royal mummy
 24621 | Tomb:3   | Killed a royal mummy
 24626 | Tomb:3   | Reached XP level 23. HP: 123/123 MP: 30/41
 24627 | Tomb:3   | Killed a royal mummy
 24627 | Tomb:3   | Noticed a royal mummy
 24627 | Tomb:3   | Noticed a royal mummy
 24629 | Tomb:3   | Noticed a royal mummy
 24630 | Tomb:3   | Killed a royal mummy
 24631 | Tomb:3   | Noticed a royal mummy
 24639 | Tomb:3   | Noticed a royal mummy
 24640 | Tomb:3   | Killed a royal mummy
 24644 | Tomb:3   | Killed a royal mummy
 24654 | Tomb:3   | Gained mutation: Your health recovers twice as slowly from
                  | being drained. [mutagenic glow]
 24666 | Tomb:3   | Gained mutation: You are clumsy. (Dex -2) [mutagenic glow]
 24684 | Tomb:3   | Lost mutation: Your spells are a little harder to cast, but
                  | a little more powerful. [mutagenic glow]
 24695 | Tomb:3   | Killed a royal mummy
 24699 | Tomb:3   | Killed a royal mummy
 24700 | Tomb:3   | Killed a royal mummy
 24731 | Tomb:3   | Got a sanguine gem with 882 turns to spare
 24736 | Tomb:3   | Got a golden rune of Zot
 24887 | Crypt:3  | Lost mutation: You possess an exceptional clarity of mind.
                  | [potion of mutation]
 24887 | Crypt:3  | Lost mutation: Your health recovers twice as slowly from
                  | being drained. [potion of mutation]
 24887 | Crypt:3  | Gained mutation: You possess an exceptional clarity of
                  | mind. [potion of mutation]
 24887 | Crypt:3  | Lost mutation: You have a pair of small horns on your head.
                  | [potion of mutation]
 24887 | Crypt:3  | Gained mutation: You have a somewhat thin skeletal
                  | structure. (Dex +2, Stealth+) [potion of mutation]
 24891 | Crypt:3  | Learned a level 2 spell: Blink
 24891 | Crypt:3  | Upgraded the game from 0.32-a0-869-gf73ac73 to
                  | 0.32-a0-870-g877066f
 25064 | Crypt:2  | Learned a level 8 spell: Maxwell's Capacitive Coupling
 25262 | Depths:1 | Entered Level 1 of the Depths
 25290 | Depths:1 | Identified the +4 robe "Tijalura" {rC+}
 25290 | Depths:1 | Noticed Boris
 25303 | Depths:1 | Killed Boris
 25311 | Depths:2 | Noticed the Enchantress
 25319 | Depths:2 | Reached skill level 15 in Fighting
 25322 | Depths:2 | Killed the Enchantress
 25339 | Depths:2 | Acquired a manual of Earth Magic
 25401 | Depths:4 | Entered Level 4 of the Depths
 25415 | Depths:4 | Found a shimmering altar of Xom.
 25418 | Depths:4 | Found a shimmering altar of Xom.
 25419 | Depths:4 | Found a shimmering altar of Xom.
 25419 | Depths:4 | Found a shimmering altar of Xom.
 25419 | Depths:4 | Found a shimmering altar of Xom.
 25424 | Depths:4 | Found a shimmering altar of Xom.
 25424 | Depths:4 | Found a shimmering altar of Xom.
 25550 | Depths:4 | Reached skill level 5 in Air Magic
 25556 | Depths:4 | Found a gate to the Realm of Zot.
 25559 | Depths:4 | Got a midnight gem with 2585 turns to spare
 25735 | Depths:4 | Found a gateway to Hell.
 25773 | Depths:4 | Identified the +1 robe "Kimul" {rC- Str+9 Dex-5 SInv}
 25984 | Depths:3 | Acquired a manual of Air Magic
 25986 | Depths:3 | Acquired the ring "Okhler" {rC+ Dex+6}
 25988 | Depths:3 | Acquired a manual of Stealth
 26177 | Depths:3 | Found a one-way gate to the infinite horrors of the Abyss.
 26422 | Depths:2 | Found the +7 great mace "Firestarter" {flame, immolate,
                  | rFlCloud rF++}
 26458 | Depths:1 | Reached XP level 24. HP: 131/131 MP: 34/41
 26609 | Depths:2 | Found a one-way gateway to a ziggurat.
 26692 | Depths:2 | Found a one-way gate leading to the halls of Pandemonium.
 26705 | Pan      | Entered Pandemonium
 27086 | Pan      | Noticed Doem the pandemonium lord
 27157 | Pan      | Killed Doem the pandemonium lord
 27180 | Pan      | Got a demonic rune of Zot
 27196 | Pan      | Reached skill level 27 in Dodging
 27214 | Pan      | Entered the realm of Gloorx Vloq.
 27223 | Pan      | Reached skill level 10 in Air Magic
 27405 | Pan      | Noticed Gloorx Vloq
 27423 | Pan      | Killed Gloorx Vloq
 27430 | Pan      | Got a dark rune of Zot
 27525 | Pan      | Found an exit through the horrors of the Abyss.
 27578 | Pan      | Noticed Hocvoff the pandemonium lord
 27588 | Pan      | Killed Hocvoff the pandemonium lord
 27701 | Pan      | Entered the realm of Lom Lobon.
 27701 | Pan      | Noticed Lom Lobon
 27724 | Pan      | Reached skill level 15 in Spellcasting
 27815 | Pan      | Killed Lom Lobon
 27826 | Pan      | Got a magical rune of Zot
 27949 | Pan      | Entered the realm of Mnoleg.
 28057 | Pan      | Gained mutation: Your body sometimes deteriorates upon
                  | taking damage. [a cacodemon]
 28069 | Pan      | Gained mutation: You have hidden genetic defects. [a
                  | cacodemon]
 28138 | Pan      | Gained mutation: Your spells are a little harder to cast,
                  | but a little more powerful. [a cacodemon]
 28194 | Pan      | Reached skill level 15 in Air Magic
 28212 | Pan      | Reached XP level 25. HP: 118/135 MP: 43/43
 28231 | Pan      | Noticed Mnoleg
 28248 | Pan      | Killed Mnoleg
 28259 | Pan      | Got a glowing rune of Zot
 28292 | Pan      | Lost mutation: You possess an exceptional clarity of mind.
                  | [potion of mutation]
 28292 | Pan      | Lost mutation: You have a somewhat thin skeletal structure.
                  | (Dex +2, Stealth+) [potion of mutation]
 28292 | Pan      | Lost mutation: Your spells are a little harder to cast, but
                  | a little more powerful. [potion of mutation]
 28292 | Pan      | Gained mutation: You are frail. (-10% HP) [potion of
                  | mutation]
 28293 | Pan      | Lost mutation: Your body sometimes deteriorates upon taking
                  | damage. [potion of mutation]
 28293 | Pan      | Lost mutation: You have hidden genetic defects. [potion of
                  | mutation]
 28293 | Pan      | Lost mutation: You are clumsy. (Dex -2) [potion of
                  | mutation]
 28294 | Pan      | Lost mutation: You are frail. (-10% HP) [potion of
                  | mutation]
 28294 | Pan      | Gained mutation: You expend magic power (3 MP) to
                  | strengthen your wands. [potion of mutation]
 28326 | Pan      | Found an exit through the horrors of the Abyss.
 28427 | Pan      | Found a burning altar of Makhleb.
 28448 | Pan      | Noticed Goceecum the pandemonium lord
 28489 | Pan      | Killed Goceecum the pandemonium lord
 28588 | Pan      | Entered the realm of Cerebov.
 28591 | Pan      | Found the +6 sword of Cerebov {flame}
 28591 | Pan      | Noticed Cerebov
 28690 | Pan      | Identified the +9 whip "Gekeq" {heavy, rC+ Int+2}
 28886 | Pan      | Found an exit through the horrors of the Abyss.
 29070 | Pan      | Killed Cerebov
 29092 | Pan      | Identified the ring "Neibbic" {^Drain rF+ rCorr EV+5 Dex+5}
 29098 | Pan      | Got Cuxtoplo's Parchment of Generative Trauma
 29115 | Pan      | Got a fiery rune of Zot
 29171 | Pan      | Took an exit into the Abyss.
 29171 | Abyss:3  | Escaped into the Abyss
 29283 | Abyss:3  | Got an abyssal rune of Zot
 29294 | Depths:2 | Escaped the Abyss
 29352 | Hell     | Entered the Vestibule of Hell
 29353 | Hell     | Noticed Geryon
 29412 | Hell     | Killed Geryon
 29456 | Hell     | Found a gateway to the Iron City of Dis.
 29567 | Hell     | Found a gateway to the decaying netherworld of Tartarus.
 29576 | Tar:1    | Entered Level 1 of Tartarus
 29634 | Tar:3    | Reached XP level 26. HP: 140/140 MP: 36/43
 29987 | Tar:6    | Noticed an ancient lich
 29995 | Tar:6    | Killed an ancient lich
 30012 | Tar:7    | Entered Level 7 of Tartarus
 30013 | Tar:7    | Noticed a dread lich
 30018 | Tar:7    | Killed a dread lich
 30099 | Tar:7    | Noticed an ancient lich
 30104 | Tar:7    | Killed an ancient lich
 30252 | Tar:7    | Noticed Ereshkigal
 30325 | Tar:7    | Killed Ereshkigal
 30340 | Tar:7    | Got a bone rune of Zot
 30458 | Hell     | Found a gateway to the ashen valley of Gehenna.
 30496 | Geh:1    | Entered Level 1 of Gehenna
 30660 | Geh:2    | You fall into a shaft and drop 2 floors!
 30785 | Geh:5    | Noticed a dread lich
 30797 | Geh:5    | Killed a dread lich
 31005 | Geh:7    | Entered Level 7 of Gehenna
 31442 | Geh:7    | Found the +13 sceptre of Asmodeus
 31442 | Geh:7    | Noticed Asmodeus
 31445 | Geh:7    | Killed Asmodeus
 31457 | Geh:7    | Got an obsidian rune of Zot
 31601 | Hell     | Found a gateway to the freezing wastes of Cocytus.
 31617 | Coc:1    | Entered Level 1 of Cocytus
 31975 | Coc:4    | Noticed a juggernaut
 31982 | Coc:4    | Killed a juggernaut
 31982 | Coc:4    | Noticed a juggernaut
 31998 | Coc:4    | Killed a juggernaut
 32237 | Coc:6    | Noticed a dread lich
 32255 | Coc:6    | Killed a dread lich
 32267 | Coc:7    | Entered Level 7 of Cocytus
 32424 | Coc:7    | Noticed Antaeus
 32438 | Coc:7    | HP: 1/179 [wendigo/seracfall (15)]
 32637 | Coc:7    | Killed Antaeus
 32646 | Coc:7    | Got an icy rune of Zot
 32721 | Dis:1    | Entered Level 1 of the Iron City of Dis
 33200 | Dis:7    | Entered Level 7 of the Iron City of Dis
 33316 | Dis:7    | Noticed a juggernaut
 33333 | Dis:7    | Killed a juggernaut
 33334 | Dis:7    | Reached skill level 15 in Stealth
 33357 | Dis:7    | Noticed a juggernaut
 33368 | Dis:7    | Killed a juggernaut
 33398 | Dis:7    | Noticed the Serpent of Hell
 33400 | Dis:7    | Noticed a juggernaut
 33409 | Dis:7    | Killed a juggernaut
 33421 | Dis:7    | Killed the Serpent of Hell
 33491 | Dis:7    | Noticed Dispater
 33495 | Dis:7    | Killed Dispater
 33506 | Dis:7    | Got an iron rune of Zot
 33771 | Depths:4 | Identified the +0 robe of the Quahog {Harm rPois rN++
                  | Dex-3}
 33800 | Zot:1    | Entered Level 1 of the Realm of Zot
 34063 | Zot:5    | Entered Level 5 of the Realm of Zot
 34129 | Zot:5    | Noticed an orb of fire
 34129 | Zot:5    | Noticed an orb of fire
 34129 | Zot:5    | Noticed an orb of fire
 34129 | Zot:5    | Noticed an ancient lich
 34131 | Zot:5    | Killed an orb of fire
 34132 | Zot:5    | Gained mutation: You occasionally lose the ability to read
                  | scrolls when taking damage. [an orb of fire]
 34135 | Zot:5    | Gained mutation: You are frail. (-10% HP) [an orb of fire]
 34136 | Zot:5    | Gained mutation: You sometimes lose your temper in combat.
                  | [an orb of fire]
 34142 | Zot:5    | Killed an orb of fire
 34146 | Zot:5    | Killed an orb of fire
 34148 | Zot:5    | Killed an ancient lich
 34160 | Zot:5    | Reached skill level 27 in Unarmed Combat
 34163 | Zot:5    | Noticed an ancient lich
 34178 | Zot:5    | Killed an ancient lich
 34181 | Zot:5    | Lost mutation: You sometimes lose your temper in combat.
                  | [potion of mutation]
 34181 | Zot:5    | Lost mutation: You expend magic power (3 MP) to strengthen
                  | your wands. [potion of mutation]
 34181 | Zot:5    | Gained mutation: You are vulnerable to cold. (rC-) [potion
                  | of mutation]
 34181 | Zot:5    | Gained mutation: Your natural rate of healing is unusually
                  | fast. [potion of mutation]
 34182 | Zot:5    | Lost mutation: You are frail. (-10% HP) [potion of
                  | mutation]
 34182 | Zot:5    | Lost mutation: Your natural rate of healing is unusually
                  | fast. [potion of mutation]
 34182 | Zot:5    | Lost mutation: You are vulnerable to cold. (rC-) [potion of
                  | mutation]
 34182 | Zot:5    | Gained mutation: You expend magic power (3 MP) to
                  | strengthen your wands. [potion of mutation]
 34182 | Zot:5    | Gained mutation: Your spells are a little harder to cast,
                  | but a little more powerful. [potion of mutation]
 34182 | Zot:5    | Gained mutation: You are somewhat resistant to further
                  | mutation. [potion of mutation]
 34244 | Zot:5    | Noticed an orb of fire
 34248 | Zot:5    | Got the Orb of Zot
 34253 | Zot:5    | Reached skill level 27 in Fighting
 34255 | Zot:5    | Killed an orb of fire
 34313 | Zot:4    | Noticed a seraph
 34319 | Zot:4    | Killed a seraph
 34820 | D:6      | Noticed Wouzeeg the pandemonium lord
 34831 | D:6      | Killed Wouzeeg the pandemonium lord
 34952 | D:$      | Escaped with the Orb!

Illustrated notes

Levels and vault maps discovered:
D:1:      eino_arrival_water_star, layout_basic,
          hellmonk_ecumenical_altar_blasted, wad_floor_pattern_2
D:2:      layout_basic, grunt_decor_mini_mirrors, serial_park_tiny_2
D:3:      layout_loops_cross, eat_drink_and_be_merry_uskayaw
D:4:      layout_rooms, nicolae_ru_sacrificial_ziggurat, serial_rivers,
          chequers_serial_rivers_small_3, chequers_serial_rivers_micro_e,
          chequers_serial_rivers_small_a, chequers_serial_rivers_small_a,
          chequers_serial_rivers_micro_b, kennysheep_small_circle,
          uniq_eustachio
D:5:      layout_cave_pools, mainiacjoe_overflow_two_lobes,
          gammafunk_ghost_mausoleum, minmay_gold_behind_fungi,
          nicolae_shop_self_help
D:6:      layout_basic, cheibrodos_worm_habitat, temple_statues, serial_undead,
          serial_undead_b, serial_undead_c, serial_undead_d, serial_undead_e
D:7:      layout_basic, amcnicky_altar_gilded, enter_ossuary_5
D:8:      layout_loops_ring, ebering_ghost_funeral_grove, serial_glass,
          glass_columns_a, glass_columns_c
D:9:      layout_basic, serial_rivers, chequers_serial_rivers_micro_c,
          chequers_serial_rivers_room_a, chequers_serial_rivers_micro_a,
          chequers_serial_rivers_room_b, minmay_ruffians, uniq_erolcha
D:10:     layout_stronghold, serial_shops, shop, minmay_misc_feat_nine_boxes,
          feat_on_display, uniq_grum, uniq_joseph
D:11:     minmay_smoke_and_mirrors, layout_rooms, dpeg_lair_monsters,
          gammafunk_ghost_split, hangedman_ranch
D:12:     layout_layer_cave, orc_0_dummy, portal_ice_cave_rime,
          serial_bayou_ford_a, nicolae_qazlal_style_of_elements
D:13:     layout_big_octagon
D:14:     layout_roguey, david_vaults_4, minivault_14, minmay_rotating_lava
D:15:     grunt_enter_depths_giant_problem, layout_loops_ring, serial_park_paths
          [serial_park_minivault_5x5_5], uniq_azrael
Lair:1:   layout_layer_cave, beast_lair_carwin_8, serial_bayou_shore_a
Lair:2:   layout_cave_pods, dreamdust_gnoll_shepherd, uniq_sonja, uniq_urug
Lair:3:   layout_small_grid, nicolae_swamp_entry_splash_gauntlet,
          minmay_snake_entry_six_corridors, patterned_corridor, uniq_kirke
Lair:4:   layout_hall_layers
Lair:5:   hangedman_lair_in_review, layout_gridlike,
          nicolae_slime_entry_field_trip, gauntlet_entry_generic
Swamp:1:  layout_basic_swamp, serial_swamp_ruin, evilmike_swamp_ruin_rubble_1,
          evilmike_swamp_ruin_wall, evilmike_swamp_ruin_house_5,
          lemuel_altar_in_water, uniq_mlioglotl
Swamp:2:  layout_basic_swamp, nicolae_swamp_round_clearing, swamp_pool_3,
          hangedman_swamp_grove, infiniplex_staircase_pool_2
Swamp:3:  layout_basic_swamp, nicolae_swamp_rocky_clearing,
          nicolae_swamp_little_tower
Swamp:4:  swamp_vile, layout_basic_swamp, swamp_pool_5,
          nicolae_swamp_well_well_well, nicolae_swamp_fairy_circle
Snake:1:  layout_chambers, ebering_ghost_inner_flame, grunt_megastairs_3
Snake:2:  layout_gridlike, nicolae_integral_box, uniq_vashnia, uniq_roxanne,
          uniq_louise
Snake:3:  layout_rooms, serial_shops, statue_bzr, nicolae_shop_vocational
Snake:4:  minmay_snake_end_coiled, layout_cave_town, nicolae_shop_firing_range,
          uniq_saint_roka, uniq_aizul
Slime:1:  layout_caves
Slime:2:  layout_caves
Slime:3:  layout_caves, uniq_dissolution
Slime:4:  layout_caves
Slime:5:  slime_pit_nicolae_amoeboid
Orc:1:    giant_chief_lemuel, layout_caves, basic_altar
Orc:2:    grunt_orc_tribal_feast, layout_caves, uniq_josephine
Elf:1:    nicolae_elf_arrival_fired_up, layout_rooms, evilmike_minifort,
          st_stairs_2, nicolae_concentric_dashed_squares_wild,
          nrook_loot_triangle
Elf:2:    elven_hall_of_blades_hangedman_original [nooodl_blade_entry_preview],
          layout_gridlike, serial_shops, nicolae_lakefront_shop,
          serial_library_hellmonk_long_bookcase, uniq_donald
Elf:3:    elf_hall, layout_gridlike, serial_shops, nicolae_lakefront_shop,
          uniq_boris
Vaults:1: v_misc_13, vaults_room_hallway, nicolae_vaults_alarming,
          hangedman_vaults_snaps, v_rooms_4, nicolae_vaults_closet_pinwheel_3,
          v_alt_pattern_5, vaults_room_pools, nicolae_vaults_network_star,
          layout_vaults_chaotic_city, serial_shops, shop, shop_statue,
          serial_glass
Vaults:2: minmay_crypt_entry_simple_statues, v_alt_pattern_3,
          nicolae_vaults_trapezoid_lopsided_4, nicolae_vaults_network_barrier,
          nicolae_vaults_storage_room_water, nicolae_vaults_little_guard_posts,
          nicolae_vaults_double_plus_1, nicolae_vaults_doubleplus_tesselated,
          ontoclasm_vaults_claustrophobia, nicolae_vaults_stairing_the_circle,
          v_pattern_1, nicolae_vaults_wine_cellar, nicolae_vaults_stepped_doors,
          nicolae_vaults_double_plus_2, v_alt_pattern_1, v_misc_13,
          vaults_room_hallway, layout_vaults_ring
Vaults:3: nicolae_vaults_storage_closets_3, nicolae_vaults_back_hallway,
          grunt_tower_of_power, vaults_dpeg_doors,
          nicolae_vaults_trapezoid_lopsided_4,
          nicolae_vaults_trapezoid_lopsided_1, ontoclasm_vaults_twist,
          grunt_vaults_focal, v_rooms_2, layout_vaults_omnibox, serial_shops,
          shop, nicolae_shop_gaudy_bauble
Vaults:4: portal_desolation_entry_salt, ontoclasm_vaults_shout,
          ontoclasm_vaults_shuriken, hangedman_vaults_stretched_pinwheel,
          vaults_mumra_hex, nicolae_vaults_hallways_thing,
          hangedman_vaults_impose, vaults_room_semicircle,
          layout_vaults_omnigrid, uniq_margery
Vaults:5: uniq_sojobo
Crypt:1:  layout_gridlike, grunt_crypt_arrival_webbed, uniq_khufu
Crypt:2:  layout_regular_city, gammafunk_ghost_split, nicolae_crypt_skullbonk,
          uniq_bai_suzhen
Crypt:3:  grunt_crypt_end_deaths_head, uniq_josephina, uniq_mennas
Tomb:1
Tomb:2
Tomb:3
Depths:1: layout_basic, serial_shops, nicolae_shop_statue_plus,
          minmay_misc_feat_alley, hell_entry, kennysheep_okawaru_gauntlet
Depths:2: minmay_firetagon, layout_basic, enter_ziggurat_c, moated_statue,
          hell_entry, grunt_pan_entry_sceptre, hangedman_glass_teeth,
          roderic_filled_cross, uniq_enchantress
Depths:3: nooodl_glass_maze, layout_gridville, hangedman_decor_riveting,
          hangedman_tar_grid_catacomb, abyss_entry
Depths:4: grunt_zot_entry_pinwheel, layout_basic, nicolae_xom_altar_mimics,
          hell_entry
Hell
Dis:1:    layout_regular_city
Dis:2:    layout_subdivisions
Dis:3:    layout_gridville
Dis:4:    layout_regular_city, nicolae_dis_metal_lava_thing
Dis:5:    layout_jigsaw
Dis:6:    layout_regular_city, nicolae_dis_bowling_alley
Dis:7:    dis_grunt_layers
Geh:1:    layout_gehenna_pools_box
Geh:2:    layout_gehenna_lava_caves
Geh:4:    layout_gehenna_lava_caves
Geh:5:    layout_gehenna_pools_box
Geh:6:    layout_gehenna_pools_triple
Geh:7:    geh_hangedman
Coc:1:    layout_ice_bergs
Coc:2:    layout_cocytus_water_paths, serial_ice
Coc:3:    layout_ice_bergs, nicolae_coc_melting_block
Coc:4:    layout_cocytus_delve, tekkud_coc_lazy_river
Coc:5:    layout_cocytus_delve, nicolae_coc_statues_of_limitations
Coc:6:    layout_ice_bergs
Coc:7:    coc_dpeg
Tar:1:    layout_catacombs
Tar:2:    layout_cathedral_of_symmetry
Tar:3:    layout_catacombs, nicolae_hells_fiendish_ambush
Tar:4:    layout_cathedral_of_symmetry
Tar:5:    layout_catacombs, lemuel_nasty_fountain
Tar:6:    layout_grid_maze, nicolae_tar_four_comb_rooms
Tar:7:    tar_old
Zot:1:    layout_onion_interference, zot_minivault_4
Zot:2:    layout_gridville, st_stairs_5
Zot:3:    layout_basic, regret_index_zotdec_glowing_original,
          regret_index_zotdec_twisting_globes
Zot:4:    layout_cathedral_of_symmetry, hangedman_zot_gyre, grunt_ministairs_12
Zot:5:    layout_basic, nicolae_diode_basic

Skill      XL: |  1  2  3  4  5  6  7  8  9 10 11 12 13 14 15 16 17 18 19 20 21 22 23 24 25 26 |
---------------+-------------------------------------------------------------------------------+-----
Unarmed Combat | 2 3 4 7 9 11 12 13 15 16 18 19 20 21 27 | 27.0
Stealth        | 5 6 8 10 15 | 15.0
Ice Magic      | 1 2 5 7 8 |  8.0
Fighting       | 1 2 3 8 9 10 13 15 17 27 | 27.0
Hexes          | 5 6 8 15 22 26 27 | 27.0
Dodging        | 3 4 7 9 11 13 14 17 20 23 25 26 27 | 27.0
Evocations     | 1 6 7 10 | 10.0
Shapeshifting  | 3 6 10 13 15 16 17 18 19 23 | 23.1
Translocations | 3 4 8 9 |  9.0
Spellcasting   | 3 5 8 10 12 13 15 | 15.0
Air Magic      | 2 3 8 15 17 | 17.0
Earth Magic    | 1 |  1.5

Action                     |  1- 3 |  4- 6 |  7- 9 | 10-12 | 13-15 | 16-18 | 19-21 | 22-24 | 25-27 || total
---------------------------+-------+-------+-------+-------+-------+-------+-------+-------+-------++-------
  Melee: Unarmed           |   101 |   121 |   560 |   655 |   861 |  1120 |  1095 |   916 |  2025 ||  7454
         Bite              |     9 |    10 |    60 |    74 |   118 |   169 |   153 |   148 |   343 ||  1084
         Punch             |       |       |    40 |    54 |    82 |   165 |   171 |   152 |   414 ||  1078
         Headbutt          |       |       |       |       |       |       |   295 |    79 |       ||   374
   Cast: Ensorcelled Hiber |     8 |    23 |    81 |    82 |       |     7 |       |       |       ||   201
         Confusing Touch   |       |       |    35 |     8 |     1 |       |       |       |       ||    44
         Tukima's Dance    |       |       |     2 |     6 |       |       |       |       |       ||     8
         Slow              |       |       |     2 |       |       |       |       |       |       ||     2
         Lesser Beckoning  |       |       |       |       |    11 |    74 |    39 |    26 |    85 ||   235
         Frozen Ramparts   |       |       |       |       |     8 |    26 |    10 |     1 |       ||    45
         Apportation       |       |       |       |       |       |    70 |    97 |    45 |    25 ||   237
         Vhi's Electric Ch |       |       |       |       |       |    48 |    46 |    48 |   108 ||   250
         Passwall          |       |       |       |       |       |     9 |       |    12 |     8 ||    29
         Ozocubu's Armour  |       |       |       |       |       |       |    17 |     1 |     3 ||    21
         Enfeeble          |       |       |       |       |       |       |    27 |   119 |   264 ||   410
         Discord           |       |       |       |       |       |       |    36 |   104 |   146 ||   286
         Yara's Violent Un |       |       |       |       |       |       |    15 |    15 |    21 ||    51
         Blink             |       |       |       |       |       |       |       |     4 |     7 ||    11
         Maxwell's Capacit |       |       |       |       |       |       |       |     3 |    10 ||    13
 Invoke: Sacrifice Experie |       |       |     1 |       |       |       |       |       |       ||     1
         Reject Sacrifices |       |       |     1 |     1 |     3 |     1 |     1 |       |     1 ||     8
         Draw Out Power    |       |       |       |     7 |     4 |       |     1 |     2 |     4 ||    18
         Sacrifice Essence |       |       |       |     1 |       |       |       |       |       ||     1
         Power Leap        |       |       |       |     6 |    14 |    13 |     3 |     3 |     8 ||    47
         Apocalypse        |       |       |       |     1 |    13 |    14 |     5 |     4 |    15 ||    52
         Sacrifice Love    |       |       |       |     1 |       |       |       |       |       ||     1
         Sacrifice Drink   |       |       |       |       |     1 |       |       |       |       ||     1
  Evoke: Wand              |       |       |       |    19 |    17 |     3 |     5 |     3 |     9 ||    56
         Gell's gravitambo |       |       |       |       |     3 |     2 |     2 |     2 |       ||     9
         Condenser vane    |       |       |       |       |       |     2 |     2 |     1 |     1 ||     6
    Use: Potion            |     1 |       |     1 |    10 |     4 |     4 |     5 |     8 |    35 ||    68
         Scroll            |     1 |     1 |    20 |    13 |     7 |     4 |     5 |    17 |    16 ||    84
   Stab: Sleeping          |    18 |    25 |    69 |    58 |    29 |    27 |    27 |    14 |    22 ||   289
         Confused          |       |       |    25 |     7 |     4 |       |     2 |       |       ||    38
         Distracted        |       |       |     1 |     8 |    14 |    11 |    16 |    14 |    19 ||    83
         Invisible         |       |       |       |     2 |     2 |     2 |    23 |    55 |   121 ||   205
         Paralysed         |       |       |       |       |     9 |    21 |    10 |     4 |    21 ||    65
 Armour: Skin              |    21 |    35 |   138 |   294 |   284 |   422 |   415 |   407 |   839 ||  2855
  Dodge: Dodged            |    62 |    91 |   409 |   943 |   987 |  1725 |  1905 |  1747 |  3444 || 11313
   Form: Statue            |       |       |       |     2 |       |       |       |       |       ||     2
                           |       |       |       |     1 |       |       |       |       |       ||     1
         Blade             |       |       |       |     1 |       |       |       |       |       ||     1

Table legend: (Time is in decaauts)
 A = Elapsed time spent in this place.
 B = Non-inter-level travel time spent in this place.
 C = Inter-level travel time spent in this place.
 D = Time resting spent in this place.
 E = Time spent auto-exploring this place.
 F = Levels seen in this place.
 G = Mean time per level.
                   A        B        C        D        E       F      G
               +--------+--------+--------+--------+--------+-----+--------+
         Total |  44857 |  41822 |   3035 |     54 |      0 | 102 |  439.8 |
       Dungeon |   9955 |   8765 |   1190 |     54 |      0 |  15 |  663.7 |
          Lair |   4099 |   3610 |    489 |      0 |      0 |   5 |  819.8 |
         Swamp |   2148 |   2022 |    126 |      0 |      0 |   4 |  537.0 |
     Snake Pit |   2843 |   2769 |     74 |      0 |      0 |   4 |  710.8 |
    Slime Pits |    660 |    622 |     38 |      0 |      0 |   5 |  132.0 |
  Orcish Mines |   1753 |   1592 |    161 |      0 |      0 |   2 |  876.5 |
   Elven Halls |   2598 |   2439 |    159 |      0 |      0 |   3 |  866.0 |
        Vaults |   4136 |   3795 |    341 |      0 |      0 |   5 |  827.2 |
         Crypt |   1502 |   1364 |    138 |      0 |      0 |   3 |  500.7 |
          Tomb |   1149 |   1071 |     78 |      0 |      0 |   3 |  383.0 |
        Depths |   2551 |   2461 |     90 |      0 |      0 |   4 |  637.8 |
          Hell |    552 |    528 |     24 |      0 |      0 |   1 |  552.0 |
           Dis |   1121 |   1100 |     21 |      0 |      0 |   7 |  160.1 |
       Gehenna |   1395 |   1361 |     34 |      0 |      0 |   6 |  232.5 |
       Cocytus |   1362 |   1338 |     24 |      0 |      0 |   7 |  194.6 |
      Tartarus |   1094 |   1094 |      0 |      0 |      0 |   7 |  156.3 |
           Zot |    788 |    744 |     44 |      0 |      0 |   5 |  157.6 |
         Abyss |    250 |    250 |      0 |      0 |      0 |   2 |  125.0 |
   Pandemonium |   3324 |   3324 |      0 |      0 |      0 |  10 |  332.4 |
        Bazaar |     77 |     77 |      0 |      0 |      0 |   1 |   77.0 |
       Ossuary |    385 |    385 |      0 |      0 |      0 |   1 |  385.0 |
    Desolation |    627 |    627 |      0 |      0 |      0 |   1 |  627.0 |
      Gauntlet |    477 |    477 |      0 |      0 |      0 |   1 |  477.0 |
               +--------+--------+--------+--------+--------+-----+--------+

Top non-repeatable levels by time:
Vaults:4: 1240 daAuts
  Lair:5: 1140 daAuts
   Orc:1: 1096 daAuts
Vaults:3: 1082 daAuts
   Elf:3: 1069 daAuts
  Lair:3: 1041 daAuts
Depths:4: 926 daAuts
Vaults:5: 906 daAuts
Depths:2: 890 daAuts
     D:9: 867 daAuts
 Snake:2: 860 daAuts
    D:14: 859 daAuts
     D:6: 857 daAuts
 Snake:1: 850 daAuts
    D:10: 842 daAuts
